 Dungeon Crawl Stone Soup version 0.21.0-25-ge575cb9ce8 (webtiles) character file.

3958 Gargoyl the Chopper (level 10, -1/86 HPs)
             Began as a Centaur Abyssal Knight on Jan 26, 2018.
             Was an Elder of Lugonu.
             Slain by a two-headed ogre
             ... wielding a +0 giant spiked club
              (10 damage)
             ... on level 7 of the Dungeon.
             The game lasted 00:12:12 (7945 turns).

Gargoyl the Chopper (Centaur Abyssal Knight)        Turns: 7945, Time: 00:12:12

Health: -1/86      AC: 16    Str: 16    XL:     10   Next: 2%
Magic:  14/14      EV:  5    Int: 11    God:    Lugonu [****..]
Gold:   284        SH:  0    Dex:  6    Spells: 9/9 levels left

rFire    . . .     SeeInvis +   y - +6 battleaxe of Qauxu {venom, rPois rC++ Dex-5 SInv}
rCold    + + +     Gourm    .   (shield currently unavailable)
rNeg     . . .     Faith    .   o - +3 chain mail
rPois    +         Spirit   .   t - +0 helmet
rElec    .         Reflect  .   b - +0 cloak
rCorr    .         Harm     .   k - +0 pair of gloves
MR       .....                  (no barding)
Stlth    ..........             (no amulet)
HPRegen  0.24/turn              r - ring of protection from cold
MPRegen  0.14/turn              (no ring)

@: lethally poisoned (-1 -> -1), very quick
A: large, hooves 3, deformed body, speed 2, tough skin 3
a: Depart the Abyss, Bend Space, Banish, Corrupt, Renounce Religion


You were on level 7 of the Dungeon.
You worshipped Lugonu.
Lugonu was greatly pleased with you.
You were not hungry.

You visited 1 branch of the dungeon, and saw 7 of its levels.
You visited the Abyss 1 time.

You collected 328 gold pieces.
You spent 44 gold pieces at shops.

Inventory:

Hand Weapons
 a - a +1 hand axe
 v - a +0 war axe
 y - the +6 battleaxe of Qauxu (weapon) {venom, rPois rC++ Dex-5 SInv}
   (You found it on level 6 of the Dungeon)

   It poisons the flesh of those it strikes.
   It affects your dexterity (-5).
   It greatly protects you from cold.
   It protects you from poison.
   It lets you see invisible.
Missiles
 E - 7 poisoned javelins (quivered)
Armour
 b - a +0 cloak (worn)
 k - a +0 pair of gloves (worn)
 o - a +3 chain mail (worn)
 t - a +0 helmet (worn)
Jewellery
 r - a ring of protection from cold (left hand)
Wands
 d - a wand of disintegration (13)
 p - a wand of random effects (65)
 s - a wand of digging (8)
 C - a wand of polymorph (13)
Scrolls
 g - a scroll of fog
 h - 2 scrolls of identify
 m - 2 scrolls of remove curse
 w - 2 scrolls of teleportation
 G - a scroll of magic mapping
Potions
 e - a potion of agility {unknown}
 f - a potion of resistance {unknown}
 i - 3 potions of lignification
 j - a potion of curing {unknown}
 l - a potion of haste
 n - 2 potions of magic {unknown}
 q - 3 potions of degeneration {unknown}
 u - a potion of mutation {unknown}
 x - a potion of ambrosia {unknown}
 z - 2 potions of heal wounds
 A - a potion of might
 D - 3 potions of brilliance {unknown}
Books
 B - a book of Maledictions

   Spells                             Type                      Level
   a - Corona                         Hexes                        1
   b - Ensorcelled Hibernation        Hexes/Ice                    2
   c - Confuse                        Hexes                        3
   d - Tukima's Dance                 Hexes                        3
   e - Dazzling Spray                 Conjuration/Hexes            3
Comestibles
 c - 11 rations
 F - a chunk of flesh


   Skills:
 + Level 7.3 Fighting
 + Level 7.6 Axes
 * Level 6.0 Armour
 + Level 1.9 Dodging
 * Level 6.4 Invocations


You had 9 spell levels left.
You didn't know any spells.

Dungeon Overview and Level Annotations

Branches:
Dungeon (7/15)             Temple (0/1) D:6

Altars:
Makhleb
Nemelex Xobeh
Vehumet
Zin
The Shining One

Shops:
D:5 !


Innate Abilities, Weirdness & Mutations

You have hooves in place of feet.
Armour fits poorly on your strangely shaped body.
You cover ground very quickly.
You have extremely tough skin. (AC +3)


Message History

The killer bee stings you but does no damage. x2
You slash the two-headed ogre! Your kick misses the two-headed ogre.
The two-headed ogre is moderately wounded.
You feel sick.
You hit the two-headed ogre.
The two-headed ogre is poisoned.
The two-headed ogre is moderately wounded.
The two-headed ogre hits you with a giant spiked club!!
The two-headed ogre hits you with a giant club!
* * * LOW HITPOINT WARNING * * *
You slash the two-headed ogre!
The two-headed ogre looks as sick as possible!
The two-headed ogre is heavily wounded.
The two-headed ogre hits you with a giant spiked club!
* * * LOW HITPOINT WARNING * * *
The two-headed ogre barely misses you.
You hit the two-headed ogre. You kick the two-headed ogre.
The two-headed ogre is severely wounded.
You feel sick.
The two-headed ogre hits you with a giant spiked club!
You die...

........# # #
#.... ........#
#.# ##.#.
........#####.##
#...
...............#
#######.##
........##....#..
........#
......†(.yc#.#
#.##.#####.#
........yyy.#
#.#.# #.#
...#######O##
##..#####.# .
##@##
##.#.......#
##.###.##########
##.#.##
..######.##
#........#
..########


You could see a two-headed ogre, a centaur and 4 killer bees.

Vanquished Creatures
  A glowing orange brain (Abyss:1)
  Pikel (D:5)
  Joseph (D:7)
  Sigmund (D:5)
  4 yaks (D:6)
  The ghost of bjoernd the Skirmisher, an amateur GrBe of Trog (D:3)
  Edmund (D:6)
  A black bear (D:7)
  A hornet zombie (D:5)
  3 slaves (D:5)
  3 ogres
  A big kobold (D:7)
  2 scorpions
  2 howler monkeys
  3 crimson imps
  2 orc priests (D:3)
  A gnoll shaman (D:6)
  2 centaur skeletons
  5 orc wizards
  Crazy Yiuf (D:3)
  Jessica (D:2)
  Ijyb (D:3)
  4 worker ants
  A hound skeleton (D:6)
  Robin (D:3)
  9 gnolls
  5 adders
  A shadow imp (D:5)
  An adder zombie (D:5)
  An adder skeleton (D:5)
  4 worms
  5 leopard geckos
  23 orcs
  6 ball pythons
  8 bats
  5 giant cockroaches
  16 goblins
  8 hobgoblins
  6 jackals
  13 kobolds
  5 quokkas
  6 frilled lizards
  2 jackal zombies
  8 rats
177 creatures vanquished.

Vanquished Creatures (others)
  The ghost of Andry07 the Fighter, an amateur GrFi (D:4)
  A giant cockroach (D:5)
  A ball python skeleton (D:5)
3 creatures vanquished.

Grand Total: 180 creatures vanquished

Notes
Turn   | Place    | Note
-------+----------+-------------------------------------------
     0 | Abyss:1  | Gargoyl the Centaur Abyssal Knight began the quest for the Orb.
     0 | Abyss:1  | Reached XP level 1. HP: 19/19 MP: 2/2
    28 | Abyss:1  | Found a blossoming altar of Fedhas.
    34 | Abyss:1  | Noticed a glowing orange brain
    36 | Abyss:1  | Noticed a neqoxec
    37 | Abyss:1  | Noticed a crimson imp
    68 | Abyss:1  | Noticed an iron imp
    69 | Abyss:1  | Killed a glowing orange brain
    69 | Abyss:1  | Reached skill level 5 in Fighting
    69 | Abyss:1  | Reached XP level 2. HP: 30/30 MP: 2/4
    69 | Abyss:1  | Reached XP level 3. HP: 37/37 MP: 2/5
    69 | Abyss:1  | Reached XP level 4. HP: 44/44 MP: 2/6
    69 | Abyss:1  | Reached XP level 5. HP: 50/50 MP: 2/7
    69 | Abyss:1  | Reached XP level 6. HP: 57/57 MP: 2/8
    69 | Abyss:1  | Reached XP level 7. HP: 62/62 MP: 2/9
    70 | D:1      | Escaped the Abyss
   316 | D:1      | Reached * piety under Lugonu
  1408 | D:2      | Reached ** piety under Lugonu
  1631 | D:2      | Noticed Jessica
  1634 | D:2      | Killed Jessica
  1634 | D:2      | Reached skill level 1 in Dodging
  1896 | D:3      | Found a runed door.
  2223 | D:3      | You fall through a shaft for 2 floors!
  2223 | D:5      | Entered Level 5 of the Dungeon
  2404 | D:4      | Noticed Andry07's ghost (amateur GrFi)
  2433 | D:3      | Noticed bjoernd's ghost (amateur GrBe)
  2837 | D:3      | Noticed Ijyb
  2846 | D:3      | Killed Ijyb
  2947 | D:3      | Noticed Robin
  2956 | D:3      | Reached *** piety under Lugonu
  2966 | D:3      | Killed Robin
  3023 | D:3      | Killed bjoernd's ghost
  3393 | D:3      | Found a glowing golden altar of the Shining One.
  3558 | D:3      | Noticed Crazy Yiuf
  3566 | D:3      | Killed Crazy Yiuf
  3776 | D:4      | Reached XP level 8. HP: 71/71 MP: 11/11
  4040 | D:4      | Banished Andry07's ghost
  5000 | D:5      | Reached skill level 5 in Axes
  5102 | D:5      | Noticed Pikel
  5134 | D:5      | Killed Pikel
  5134 | D:5      | Reached skill level 5 in Invocations
  5531 | D:5      | Reached skill level 5 in Armour
  5716 | D:5      | Found Coiqier's Distillery.
  5724 | D:5      | Bought a potion of might for 44 gold pieces
  5806 | D:5      | Noticed Sigmund
  5812 | D:5      | Reached XP level 9. HP: 72/78 MP: 12/12
  5823 | D:5      | Killed Sigmund
  6113 | D:6      | Found a staircase to the Ecumenical Temple.
  6351 | D:6      | Found a radiant altar of Vehumet.
  6374 | D:6      | Got an iridescent battleaxe
  6381 | D:6      | Identified the +6 battleaxe of Qauxu {venom, rPois rC++ Dex-5 SInv} (You found it on level 6 of the Dungeon)
  6407 | D:6      | Found a sparkling altar of Nemelex Xobeh.
  6436 | D:6      | Reached **** piety under Lugonu
  6472 | D:6      | Found a burning altar of Makhleb.
  6472 | D:6      | Found a glowing silver altar of Zin.
  6473 | D:6      | Noticed an angel
  6473 | D:6      | Noticed a cacodemon
  6924 | D:6      | Noticed Edmund
  6940 | D:6      | Killed Edmund
  7441 | D:7      | Noticed Joseph
  7454 | D:7      | Killed Joseph
  7928 | D:7      | Noticed a two-headed ogre
  7940 | D:7      | Reached XP level 10. HP: 49/86 MP: 14/14
  7945 | D:7      | Slain by a two-headed ogre

Skill      XL: |  1  2  3  4  5  6  7  8  9 |
---------------+----------------------------+-----
Fighting       | 5 6 7 |  7.3
Axes           | 3 4 5 7 |  7.6
Armour         | 2 3 5 6 |  6.0
Invocations    | 3 4 5 6 |  6.4
Dodging        | 1 |  1.9

Action                   |  1- 3 |  4- 6 |  7- 9 | 10-12 || total
-------------------------+-------+-------+-------+-------++-------
Melee: Hand axe          |    13 |       |   313 |       ||   326
       Kick              |     7 |       |   124 |     1 ||   132
       War axe           |       |       |   150 |       ||   150
       Battleaxe         |       |       |    83 |     5 ||    88
Invok: Depart the Abyss  |       |       |     1 |       ||     1
       Banish            |       |       |     1 |       ||     1
  Use: Scroll            |       |       |    10 |       ||    10
       Potion            |       |       |     2 |       ||     2
  Eat: Chunk             |       |       |    16 |       ||    16
       Ration            |       |       |     1 |       ||     1
Armor: Chain mail        |       |       |   359 |     3 ||   362
       Leather armour    |       |       |    44 |       ||    44
       Skin              |       |       |    14 |       ||    14
Dodge: Dodged            |       |       |   169 |     2 ||   171
